 Dungeon Crawl Stone Soup version 0.26-a0-651-gb41185065b (webtiles) character file.

Game seed: 8181313478317830911

(classic levelgen) 103 EnegeticOcto the Shield-Bearer (level 4, 0/42 HPs)
             Began as a Deep Dwarf Fighter on Sept 30, 2020.
             Slain by an ogre
             ... wielding a +0 giant spiked club
              (17 damage)
             ... on level 4 of the Dungeon.
             The game lasted 00:00:21 (353 turns).

EnegeticOcto the Shield-Bearer (Deep Dwarf Fighter)  Turns: 353, Time: 00:00:22

Health: 0/42       AC:  7    Str: 21    XL:     4   Next: 51%
Magic:  4/4        EV:  7    Int:  8    God:
Gold:   43         SH:  9    Dex: 12    Spells: 3/3 levels left

rFire    . . .     SeeInvis .   a - +0 war axe
rCold    . . .     Faith    .   c - +0 kite shield
rNeg     . . .     Spirit   .   b - +0 scale mail
rPois    .         Reflect  .   (no helmet)
rElec    .         Harm     .   (no cloak)
rCorr    .         Rampage  .   (no gloves)
MR       .....                  (no boots)
Stlth    ..........             (no amulet)
HPRegen  0.00/turn              (no ring)
MPRegen  0.09/turn              (no ring)

@: non-regenerating
A: damage resistance, heal wounds, sense surroundings 1, no regeneration
a: Heal Wounds


You were on level 4 of the Dungeon.
You visited 1 branch of the dungeon, and saw 4 of its levels.

You collected 43 gold pieces.

Inventory:

Hand Weapons
 a - a +0 war axe (weapon)
Armour
 b - a +0 scale mail (worn)
 c - a +0 kite shield (worn)
Wands
 f - a wand of polymorph (8)
Scrolls
 e - a scroll of remove curse {unknown}
Potions
 d - a potion of might {@q3}


   Skills:
 + Level 3.2 Fighting
 * Level 3.7 Axes
 + Level 3.9 Armour
 + Level 3.9 Shields


You had 3 spell levels left.
You didn't know any spells.
Your spell library was empty.

Dungeon Overview and Level Annotations

Branches:
Dungeon (4/15)
 Temple: D:4-7

Altars:


Innate Abilities, Weirdness & Mutations

You are resistant to damage.
You can heal yourself by infusing magical energy.
You passively map a small area around you.
You do not regenerate.


Message History

The orc wizard is moderately wounded.
You closely miss the orc wizard.
The orc wizard hits you but does no damage. x2
The orc wizard barely misses you.
You bump into the stone wall.
The orc wizard gestures at you while chanting.
The puff of frost misses you.
The orc wizard hits you but does no damage. x2
You miss the orc wizard.
The orc wizard is moderately wounded.
You hit the orc wizard but do no damage.
The orc wizard hits you but does no damage. x3
The orc wizard points at you and mumbles some strange words.
The magic dart hits you.
You bump into the stone wall.
The orc wizard casts a spell at you. The puff of frost hits you!
The orc wizard mumbles some strange words.
The orc wizard flickers and vanishes!
Deactivating autopickup; reactivate with Ctrl-A.
The orc wizard hits you but does no damage.
You closely miss the orc wizard.
The orc wizard is moderately wounded.
You miss something.
You feel less confused.
The orc wizard miscasts a cantrip.
Something hits you but does no damage.
The orc wizard hits you but does no damage.
You closely miss the orc wizard.
The orc wizard is moderately wounded.
You closely miss something.
The orc wizard hits you but does no damage.
Something hits you. You block the orc wizard's attack.
Something hits you but does no damage.
You feel much better.
The orc wizard hits you with a cursed -1 dagger.
Something hits you but does no damage.
You feel much better. You block the orc wizard's attack.
The orc wizard hits you with a cursed -1 dagger.
Something hits you.
You closely miss the orc wizard.
The orc wizard is moderately wounded.
You barely miss something. You block the orc wizard's attack.
Something hits you but does no damage.
The orc wizard hits you with a cursed -1 dagger.
You closely miss the orc wizard.
The orc wizard is moderately wounded.
You hit something but do no damage.
The orc wizard hits you with a cursed -1 dagger.
Something hits you but does no damage. You block the orc wizard's attack.
You miss the orc wizard.
The orc wizard is moderately wounded.
You barely miss something. You block the orc wizard's attack.
Something hits you but does no damage.
The orc wizard gestures at you while chanting.
The puff of frost hits you. Something hits you.
You barely miss the orc wizard.
The orc wizard is moderately wounded.
You slash something!
The orc wizard hits you but does no damage.
You hear some strange, mumbled words.
A puff of flame appears from out of thin air!
The puff of flame hits you. The orc wizard closely misses you.
You closely miss the orc wizard.
The orc wizard is moderately wounded.
You hit something.
Reactivating autopickup.
You have reached level 4!
You feel stronger.
You feel a bit more experienced.
The orc wizard hits you but does no damage.
The orc wizard closely misses you. The orc barely misses you.
You slash the orc wizard!
The orc wizard is almost dead.
You hit the orc.
The orc wizard gestures wildly while chanting.
The orc wizard flickers and vanishes!
Deactivating autopickup; reactivate with Ctrl-A.
Something hits you but does no damage. The orc barely misses you.
You slash the orc!
You kill the orc!
You barely miss something.
Something hits you but does no damage. x2
You closely miss the orc. You miss something.
Something hits you but does no damage. You block the orc's attack.
Something hits you but does no damage. The orc hits you.
You slash the orc!
You kill the orc!
You slash something!
Reactivating autopickup.
You feel a bit more experienced.
You hit the ogre but do no damage. You hit the orc. The ogre barely misses you.
The orc closely misses you.
You hit the orc.
You kill the orc!
You hit the ogre.
The ogre hits you with a +0 giant spiked club!!
You slash the ogre!
The ogre is heavily wounded.
The ogre hits you with a +0 giant spiked club!!
You die...

** ** ,,, ,
######## #......
* ####..... , ,
.......)O#* * , ,
..###* #@##* .,
#..<.###..# .#
.###....#.#..# ,,
, ..$..........##
, * * * , ,
.######.......#*
, * ,
#.............# ,
**
###.#########....
## ##...# #...
#..* #..### #.#


You could see an ogre.

Vanquished Creatures
  An iguana (D:4)
  2 orc wizards (D:4)
  An adder (D:2)
  3 orcs (D:4)
  A giant cockroach (D:1)
  A goblin (D:2)
  A kobold (D:3)
  A quokka (D:4)
  3 bats
  A rat (D:2)
15 creatures vanquished.

Notes
Turn   | Place    | Note
-------+----------+-------------------------------------------
     0 | D:1      | EnegeticOcto the Deep Dwarf Fighter began the quest for the
                  | Orb.
     0 | D:1      | Reached XP level 1. HP: 20/20 MP: 1/1
   169 | D:2      | Reached XP level 2. HP: 20/27 MP: 2/2
   300 | D:4      | Reached XP level 3. HP: 24/34 MP: 3/3
   332 | D:4      | Noticed an ogre
   346 | D:4      | Reached XP level 4. HP: 34/42 MP: 4/4
   353 | D:4      | Slain by an ogre

Illustrated notes

Levels and vault maps discovered:
D:1:      erik_arrival_triangle_medium, layout_basic
D:2:      minmay_razor_zed, layout_rooms, lemuel_doored_altar, moated_statue
D:3:      layout_loops_ring, tso_metal_star, nemelex_xobeh_ov_fountains_minmay,
          chequers_temple_overflow_statue_of_worship, minmay_liquid_box,
          minmay_misc_feat_nine_boxes, trog_hazing_becter
D:4:      layout_rooms, lemuel_round_altar, nicolae_overflow_hidden_temple

Skill      XL: |  1  2 |
---------------+-------+-----
Fighting       | 3 |  3.2
Axes           | 3 |  3.7
Armour         | |  3.9
Shields        | |  3.9

Action                   |  1- 3 |  4- 6 || total
-------------------------+-------+-------++-------
Melee: War axe           |    51 |     7 ||    58
 Abil: Heal Wounds       |     2 |       ||     2
Armor: Scale mail        |    37 |     4 ||    41
Dodge: Dodged            |    21 |     5 ||    26
Block: Kite shield       |    30 |     1 ||    31

Table legend: (Time is in decaauts)
 A = Elapsed time spent in this place.
 B = Non-inter-level travel time spent in this place.
 C = Inter-level travel time spent in this place.
 D = Time resting spent in this place.
 E = Time spent auto-exploring this place.
 F = Levels seen in this place.
 G = Mean time per level.
                   A        B        C        D        E       F      G
               +--------+--------+--------+--------+--------+-----+--------+
         Total |    377 |    338 |     39 |      0 |    198 |   4 |   94.2 |
       Dungeon |    377 |    338 |     39 |      0 |    198 |   4 |   94.2 |
               +--------+--------+--------+--------+--------+-----+--------+

Top non-repeatable levels by time:
     D:1: 143 daAuts
     D:3: 106 daAuts
     D:4: 82 daAuts
     D:2: 44 daAuts
